 Dungeon Crawl Stone Soup version 0.27.0-1-g7a089689b8 (webtiles) character file.

Game seed: 2113692227583590905

2965 ZARRMARR the Cleaver (level 9, -12/79 HPs)
             Began as a Hill Orc Monk on Aug 3, 2021.
             Was a Believer of Beogh.
             Mangled by an orc knight (25 damage)
             ... in a bailey.
             The game lasted 00:42:56 (10559 turns).

ZARRMARR the Cleaver (Hill Orc Monk)               Turns: 10559, Time: 00:42:56

Health: -12/79     AC: 10    Str: 17    XL:     9   Next: 82%
Magic:  9/9        EV: 13    Int: 12    God:    Beogh [**....]
Gold:   290        SH:  0    Dex: 13    Spells: 8/8 levels left

rFire    + + .     SeeInvis .   u - +7 dire flail "Miphiq" {freeze, rF++ rN+}
rCold    . . .     Faith    .   (shield currently unavailable)
rNeg     + . .     Spirit   .   C - +2 robe {Will+}
rPois    .         Reflect  .   l - +2 helmet
rElec    .         Harm     .   (no cloak)
rCorr    .         Rampage  .   h - +2 pair of gloves
Will     +....                  (no boots)
Stlth    +++.......             s - amulet of Peace {Regen+ Int+2}
HPRegen  1.23/turn              m - ring of flight
MPRegen  0.11/turn              a - ring of wizardry

@: about to teleport, flying
A: no striking features
a: Renounce Religion, Smiting


You were in a bailey.
You worshipped Beogh.
Beogh was pleased with you.
You visited 1 branch of the dungeon, and saw 7 of its levels.
You also visited: Bailey.

You collected 290 gold pieces.

Inventory:

Hand Weapons
 c - a +2 vorpal scythe
 i - a +4 dagger
 u - the +7 dire flail "Miphiq" (weapon) {freeze, rF++ rN+}
   (You found it on level 5 of the Dungeon)

   It freezes those it strikes, dealing additional cold damage.
   It can also slow down cold-blooded creatures.
   rF:        It greatly protects you from fire.
   rN:        It protects you from negative energy.
 B - a +0 whip of electrocution
Missiles
 j - a throwing net
 w - 9 boomerangs (quivered)
Armour
 h - a +2 pair of gloves (worn)
 l - a +2 helmet (worn)
 C - a +2 robe of willpower (worn)
Jewellery
 a - a ring of wizardry (right hand)
 m - a ring of flight (left hand)
 s - the amulet of Peace (around neck) {Regen+ Int+2}
   (You found it on level 5 of the Dungeon)

   [amulet of regeneration]

   Int:       It affects your intelligence (+2).
   Regen:     It increases your rate of health regeneration.
Scrolls
 e - 4 scrolls of enchant armour {unknown}
 f - 3 scrolls of vulnerability
 k - 2 scrolls of teleportation
 o - a scroll of blinking {unknown}
 p - a scroll of enchant weapon
 r - a scroll of brand weapon {unknown}
 v - a scroll of amnesia {unknown}
 x - a scroll of holy word {unknown}
 y - a scroll of identify {unknown}
Potions
 d - 5 potions of curing {unknown}
 n - a potion of attraction {unknown}
 t - 2 potions of berserk rage {unknown}
 z - a potion of degeneration {unknown}


   Skills:
 + Level 7.2 Fighting
 - Level 9.3(10.3) Axes
 + Level 6.1(7.9) Maces & Flails
 + Level 4.8 Throwing
 + Level 4.7 Dodging
 + Level 4.3 Stealth


You had 8 spell levels left.
You didn't know any spells.
Your spell library contained the following spells:

 Spells                   Type           Power      Damage    Failure   Level
 Magic Dart               Conj           0%         1d3       13%         1
 Searing Ray              Conj           0%         3d3       21%         2
 Fulminant Prism          Conj/Hex       0%         3d6       75%         4


Dungeon Overview and Level Annotations

Branches:
Dungeon (7/15)             Temple (0/1) D:5          Bailey (1/1)

Altars:
Fedhas
Nemelex Xobeh
Okawaru
Xom


Message History

You start waiting.
An orc knight is nearby!
Throw: 9 boomerangs
Press: ? - help, Q - select action, (/) - cycle Shift-Dir - straight line, f - orc knight
Aim: an orc knight, wielding a +0 halberd and wearing a +3 plate armour of cold resistance (wandering, hasn't noticed you, 63% to hit)
You throw a boomerang. The boomerang hits the orc knight.
The orc knight is lightly wounded.
The orc knight roars a battlecry!
Throw: 9 boomerangs
Press: ? - help, Q - select action, (/) - cycle Shift-Dir - straight line, f/p - orc knight
Aim: an orc knight, wielding a +0 halberd and wearing a +3 plate armour of cold resistance (lightly wounded, 63% to hit)
You throw a boomerang. The boomerang hits the orc knight.
The orc knight is lightly wounded.
Throw: 9 boomerangs
Press: ? - help, Q - select action, (/) - cycle Shift-Dir - straight line, f/p - orc knight
Aim: an orc knight, wielding a +0 halberd and wearing a +3 plate armour of cold resistance (lightly wounded, 63% to hit)
You throw a boomerang.
The boomerang barely misses the orc knight.
Throw: 9 boomerangs
Press: ? - help, Q - select action, (/) - cycle Shift-Dir - straight line, f/p - orc knight
Aim: an orc knight, wielding a +0 halberd and wearing a +3 plate armour of cold resistance (lightly wounded, 63% to hit)
You throw a boomerang.
The boomerang hits the orc knight but does no damage.
The orc knight is lightly wounded.
The orc knight hits you with a +0 halberd!
You closely miss the orc knight.
The orc knight is lightly wounded.
The orc knight hits you with a +0 halberd!
You hit the orc knight. You freeze the orc knight.
The orc knight is lightly wounded.
The orc knight hits you with a +0 halberd!!
You hit the orc knight.
The orc knight is lightly wounded.
The orc knight hits you with a +0 halberd!!
* * * LOW HITPOINT WARNING * * *
As you read the scroll of teleportation, it crumbles to dust.
You feel strangely unstable.
The orc knight hits you with a +0 halberd!!
You die...
Beogh appreciates the orc knight's killing of a heretic priest.

########### ##.........##
##..≈≈≈≈≈≈≈..##
##..≈≈....)≈≈..##
#..≈≈..###..≈≈..##########
..≈≈..## ##..≈≈..........#
≈≈≈..##.∩.##..≈≈≈≈≈≈≈≈≈≈.#
)...##.....##..o@......≈.#
########+###'#########.≈.#
.....§§§## ##.≈.#
≈≈≈≈≈≈§§.# ##.)≈.#
≈...oo§≈§§## ##..≈≈.#
..⌠∩⌠.o≈≈§.#'#..≈≈.∩#
...⌠...≈§..#'#..≈≈.##
≈..§§.≈≈§.##.##..≈≈.#
≈≈≈≈≈≈≈..##...##.)≈.#


You could see an orc knight.

Vanquished Creatures
  Pikel (D:6)
  Sigmund (D:6)
  Menkaure (D:4)
  4 orc warriors
  A black bear (D:5)
  2 sky beasts (D:5)
  5 ogres
  A centaur (D:5)
  2 water moccasin zombies
  A scorpion (D:5)
  A wyvern skeleton (D:6)
  2 water moccasin skeletons
  A howler monkey (D:6)
  2 bullfrog zombies
  2 gnoll shamans
  A hound (D:5)
  2 jellies (D:4)
  A bullfrog skeleton (D:5)
  A centaur skeleton (D:7)
  4 iguanas
  3 orc wizards (D:5)
  2 hound skeletons
  18 gnolls
  3 adders
  A shadow imp (D:6)
  An adder zombie (D:5)
  A dart slug (D:1)
  25 orcs
  4 endoplasms
  3 giant cockroaches
  4 goblins
  8 hobgoblins
  16 jackals
  7 kobolds
  2 quokkas
  8 ball pythons
  4 bats
  3 frilled lizards
  3 rats
152 creatures vanquished.

Vanquished Creatures (others)
  A hound (D:6)
  An orc (D:6)
2 creatures vanquished.

Grand Total: 154 creatures vanquished

Notes
Turn   | Place    | Note
-------+----------+-------------------------------------------
     0 | D:1      | ZARRMARR the Hill Orc Monk began the quest for the Orb.
     0 | D:1      | Reached XP level 1. HP: 19/19 MP: 1/1
   506 | D:1      | Found a faded altar of an unknown god.
   539 | D:1      | Reached XP level 2. HP: 11/27 MP: 2/2
  1073 | D:1      | Reached XP level 3. HP: 11/33 MP: 3/3
  2272 | D:2      | Reached XP level 4. HP: 40/40 MP: 4/4
  2773 | D:3      | Found a shimmering altar of Xom.
  2971 | D:3      | Reached skill level 5 in Axes
  2988 | D:3      | Found a sparkling altar of Nemelex Xobeh.
  3014 | D:3      | Found a blossoming altar of Fedhas.
  4133 | D:4      | Reached skill level 1 in Throwing
  4133 | D:4      | Reached XP level 5. HP: 29/46 MP: 5/5
  4265 | D:4      | Noticed Menkaure
  4269 | D:4      | Noticed an ogre
  4279 | D:4      | Killed Menkaure
  4280 | D:4      | Reached XP level 6. HP: 13/53 MP: 6/6
  4427 | D:4      | Reached skill level 6 in Axes
  4530 | D:4      | Reached XP level 7. HP: 29/60 MP: 7/7
  6095 | D:4      | Reached skill level 5 in Fighting
  6095 | D:4      | Reached skill level 7 in Axes
  6387 | D:4      | Found an iron altar of Okawaru.
  6781 | D:5      | Entered Level 5 of the Dungeon
  6821 | D:5      | Reached XP level 8. HP: 55/69 MP: 8/8
  6913 | D:5      | Reached skill level 8 in Axes
  8007 | D:5      | Reached skill level 9 in Axes
  8262 | D:5      | Identified the amulet of Peace {Regen+ Int+2}
  8343 | D:5      | Identified the +7 dire flail "Miphiq" {freeze, rF++ rN+}
  8486 | D:5      | Reached skill level 1 in Maces & Flails
  8880 | D:5      | Found a staircase to the Ecumenical Temple.
  9019 | D:5      | Reached XP level 9. HP: 65/78 MP: 9/9
  9272 | D:6      | Became a worshipper of Beogh the Brigand
  9272 | D:6      | Reached * piety under Beogh
  9272 | D:6      | Reached ** piety under Beogh
  9683 | D:6      | Noticed Pikel
  9692 | D:6      | Killed Pikel
  9693 | D:6      | Reached skill level 5 in Maces & Flails
  9967 | D:6      | Noticed Sigmund
  9974 | D:6      | Killed Sigmund
 10224 | D:7      | Found a flagged portal.
 10237 | Bailey   | Entered a bailey
 10312 | Bailey   | Noticed an orc knight
 10559 | Bailey   | Mangled by an orc knight

Illustrated notes

Levels and vault maps discovered:
D:1:      minmay_arrival_stair_chambers, layout_basic,
          ebering_ecumenical_altar_ruins, minivault_24,
          hangedman_decor_slide_cut
D:2:      layout_basic
D:3:      layout_loops_ring, lemuel_doored_altar, mainiacjoe_overflow_catwalk,
          mainiacjoe_overflow_concentric_impassable
D:4:      layout_cave_pools, mainiacjoe_overflow_alcove_2, uniq_menkaure
D:5:      layout_loops_ring, minmay_temple_entry_junction,
          kennysheep_generic_room_16
D:6:      layout_basic, uniq_sigmund, uniq_pikel
D:7:      minmay_the_grid_octo_2x2 [minmay_the_grid_octo_vomiting_pacman,
          minmay_the_grid_octo_clover_2, minmay_the_grid_octo_fat_diamond,
          minmay_the_grid_octo_prize_star], layout_loops_ring, enter_bailey_6,
          uniq_maggie, uniq_duvessa
Bailey:   bailey_polearm_1, bailey

Skill      XL: |  1  2  3  4  5  6  7  8  9 |
---------------+----------------------------+-----
Fighting       | 4 5 6 7 |  7.2
Stealth        | 2 3 4 |  4.3
Axes           | 5 6 7 9 |  9.3
Dodging        | 3 4 |  4.7
Throwing       | 1 2 3 4 |  4.8
Maces & Flails | 2 6 |  6.1

Action                   |  1- 3 |  4- 6 |  7- 9 || total
-------------------------+-------+-------+-------++-------
Melee: Hand axe          |    98 |    78 |   246 ||   422
       Dire flail        |       |       |   106 ||   106
Throw: Stone             |    10 |    28 |   119 ||   157
       Javelin           |     4 |    18 |    12 ||    34
       Boomerang         |       |       |    30 ||    30
       Throwing net      |       |       |     3 ||     3
Invok: Convert to Beogh  |       |       |     1 ||     1
  Use: Scroll            |       |     6 |     2 ||     8
 Stab: Sleeping          |     7 |     3 |     4 ||    14
       Held in net/web   |       |       |     1 ||     1
Armor: Robe              |    16 |    16 |    95 ||   127
Dodge: Dodged            |    63 |    50 |   218 ||   331
